 Dungeon Crawl Stone Soup version 0.28-b1-25-g9875b3fc8c (webtiles) character file.

Game seed: 12730533658638204049

5523 crazypyro the Cleaver (level 10, -4/81 HPs)
             Began as a Minotaur Fighter on Feb 2, 2022.
             Was a Believer of Okawaru.
             Slain by a ten-headed hydra (5 damage)
             ... on level 9 of the Dungeon.
             The game lasted 00:08:50 (6691 turns).

crazypyro the Cleaver (Minotaur Fighter)            Turns: 6691, Time: 00:08:51

Health: -4/81      AC: 10    Str: 28    XL:     10   Next: 43%
Magic:  9/9        EV: 13    Int:  7    God:    Okawaru [**....]
Gold:   1439       SH:  6    Dex: 14    Spells: 9/9 levels left

rFire   . . .      SeeInvis .   D - +10 hand axe "Onwi" {elec, Int+2 Dex+4}
rCold   . . .      Faith    .   c - +0 buckler
rNeg    . . .      Spirit   .   q - +4 ring mail of Beugucav {Str+3}
rPois   .          Reflect  .   (helmet restricted)
rElec   .          Harm     .   n - scarf {repulsion}
rCorr   .          Rampage  .   (no gloves)
Will    .....                   (no boots)
Stlth   +.........              (no amulet)
HPRegen 0.23/turn               (no ring)
MPRegen 0.11/turn               (no ring)

@: repel missiles
A: horns 2, retaliatory headbutt
a: Renounce Religion, Heroism


You were on level 9 of the Dungeon.
You worshipped Okawaru.
Okawaru was pleased with you.
You visited 2 branches of the dungeon, and saw 10 of its levels.

You collected 1691 gold pieces.
You spent 252 gold pieces at shops.

Inventory:

Hand Weapons
 a - a +1 war axe
 e - the +8 spear of Zuggootz {freeze, Str+2}
   (You found it on level 3 of the Dungeon)

   It freezes those it strikes, dealing additional cold damage.
   It can also slow down cold-blooded creatures.
   Str:       It affects your strength (+2).
 h - a +6 spear
 r - a +0 war axe
 w - a +2 vorpal broad axe
 D - the +10 hand axe "Onwi" (weapon) {elec, Int+2 Dex+4}
   (You found it on level 8 of the Dungeon)

   It occasionally discharges a powerful burst of electricity upon striking a
   foe.
   Int:       It affects your intelligence (+2).
   Dex:       It affects your dexterity (+4).
Armour
 b - a +0 scale mail
 c - a +0 buckler (worn)
 k - a +1 cloak
 n - a scarf of repulsion (worn)
 q - the +4 ring mail of Beugucav (worn) {Str+3}
   (You found it on level 4 of the Dungeon)

   Str:       It affects your strength (+3).
 C - a +0 hat
Jewellery
 j - an amulet of magic regeneration
 x - a ring of magical power
 y - an amulet of faith
Wands
 d - a wand of mindburst (17)
 l - a wand of acid (9)
 s - a wand of flame (24)
Scrolls
 f - 2 scrolls of enchant armour
 o - 2 scrolls of blinking
 t - 2 scrolls of identify
 u - a scroll of amnesia
Potions
 g - 4 potions of attraction
 i - a potion of berserk rage {unknown}
 m - a potion of curing {unknown}
 p - 2 potions of heal wounds
 v - a potion of flight {unknown}
 z - a potion of brilliance {unknown}
 A - a potion of invisibility {unknown}
 B - a potion of might


   Skills:
 - Level 5.0 Fighting
 * Level 14.0 Axes
 + Level 7.5 Armour
 + Level 4.8 Dodging
 - Level 9.0 Shields


You had 9 spell levels left.
You didn't know any spells.
Your spell library contained the following spells:

 Spells                   Type           Power      Damage    Failure   Level
 Beastly Appendage        Tmut           0%         N/A       63%         1
 Magic Dart               Conj           0%         1d3       63%         1
 Wereblood                Tmut           0%         N/A       77%         2
 Mephitic Cloud           Conj/Pois/Air  0%         N/A       94%         3
 Spider Form              Tmut/Pois      0%         N/A       94%         3
 Cause Fear               Hex            0%         N/A       100%        4
 Dragon Form              Tmut           0%         N/A       100%        7
 Call Imp                 Summ           Unusable   N/A       N/A         2
 Dragon's Call            Summ           Unusable   N/A       N/A         9

Dungeon Overview and Level Annotations

Branches:
Dungeon (9/15)             Temple (1/1) D:6            Lair (0/6) D:8
    Orc: D:9-12

Altars:
Cheibriados
Dithmenos
Elyvilon
Fedhas
Gozag
Hepliaklqana
Kikubaaqudgha
Makhleb
Nemelex Xobeh
Okawaru
Qazlal
Ru
Sif Muna
Trog
Uskayaw
Vehumet
Wu Jian
Xom
Yredelemnul
Zin
The Shining One

Shops:
D:2 [   D:6 (


Innate Abilities, Weirdness & Mutations

You have a pair of horns on your head.
You reflexively headbutt those who attack you in melee.


Message History

s - a wand of flame (24) (gained 11 charges)
z - an emerald potion An eight-headed hydra comes into view.
You chop one of the eight-headed hydra's heads off!
The seven-headed hydra grows two more!
You slash the nine-headed hydra!
Lightning courses through the nine-headed hydra!
You headbutt the nine-headed hydra.
The nine-headed hydra is moderately wounded.
The nine-headed hydra bites you but does no damage.
The nine-headed hydra bites you!
The nine-headed hydra bites you but does no damage. x2
The nine-headed hydra bites you! The nine-headed hydra misses you.
The nine-headed hydra bites you but does no damage.
The nine-headed hydra bites you. x2
You barely miss the nine-headed hydra.
The nine-headed hydra is moderately wounded.
Unknown command.
You fail to use your ability.
The nine-headed hydra misses you.
The nine-headed hydra bites you but does no damage. x2
You block the nine-headed hydra's attack.
The nine-headed hydra bites you.
The nine-headed hydra bites you but does no damage.
The nine-headed hydra bites you. The nine-headed hydra bites you!
The nine-headed hydra closely misses you.
You chop one of the nine-headed hydra's heads off!
The eight-headed hydra grows two more!
You slash the ten-headed hydra!
The ten-headed hydra is lightly wounded.
The ten-headed hydra misses you.
You block the ten-headed hydra's attack.
The ten-headed hydra bites you!
* * * LOW HITPOINT WARNING * * *
The ten-headed hydra bites you!
* * * LOW HITPOINT WARNING * * *
The ten-headed hydra bites you but does no damage.
You block the ten-headed hydra's attack. x2
The ten-headed hydra closely misses you.
The ten-headed hydra bites you.
* * * LOW HITPOINT WARNING * * *
The ten-headed hydra bites you.
You die...

############
#...@D......
##.#########
#####...###
#.........##
#............ .##
##.........###
...##
##...[......#
...###...........#
#..##.#####.#####


You could see a ten-headed hydra.

Vanquished Creatures
  Gastronok (D:8)
  A two-headed ogre (D:8)
  Pikel (D:4)
  A gargoyle (D:8)
  Grinder (D:4)
  Sigmund (D:4)
  An acid dragon (D:9)
  Duvessa (D:4)
  A black bear (D:7)
  An orc warrior (D:7)
  3 ice beasts
  A sky beast (D:5)
  3 ogres
  4 centaurs
  A lemure (D:4)
  A kobold brigand (D:6)
  Blork the orc (D:4)
  A gnoll sergeant (D:8)
  A scorpion (D:6)
  Dowan (D:4)
  11 wights
  3 howler monkeys
  A centaur zombie (D:8)
  2 bullfrog zombies
  A centaur skeleton (D:3)
  A hound (D:5)
  3 orc priests
  2 bullfrog skeletons
  An iguana (D:5)
  3 orc wizards (D:7)
  A killer bee zombie (D:8)
  Robin (D:2)
  A howler monkey zombie (D:8)
  7 adders
  8 gnolls
  2 shadow imps (D:7)
  An ufetubus (D:4)
  An adder skeleton (D:4)
  11 orcs
  3 ball pythons
  7 bats
  6 endoplasms
  4 giant cockroaches
  7 goblins
  10 hobgoblins
  4 jackals
  A quokka (D:1)
  14 kobolds
  7 rats
151 creatures vanquished.

Vanquished Creatures (others)
  4 plants (D:2)
4 creatures vanquished.

Grand Total: 155 creatures vanquished

Notes
Turn   | Place    | Note
-------+----------+-------------------------------------------
     0 | D:1      | crazypyro the Minotaur Fighter began the quest for the Orb.
     0 | D:1      | Reached XP level 1. HP: 19/19 MP: 0/0
     5 | D:1      | Found a faded altar of an unknown god.
   194 | D:1      | Reached XP level 2. HP: 24/27 MP: 1/1
   621 | D:1      | Reached skill level 3 in Axes
   854 | D:2      | Noticed Robin
  1114 | D:1      | Reached XP level 3. HP: 28/33 MP: 2/2
  1331 | D:2      | Killed Robin
  1545 | D:2      | Reached XP level 4. HP: 40/40 MP: 3/3
  1557 | D:2      | Found Neik's Armour Emporium.
  1572 | D:2      | Reached skill level 4 in Axes
  2233 | D:3      | Identified the +8 spear of Zuggootz {freeze, Str+2}
  2317 | D:3      | Found a stormy altar of Qazlal.
  2345 | D:4      | Noticed a lemure
  2345 | D:4      | Noticed a lemure
  2347 | D:4      | Noticed Pikel
  2422 | D:4      | Reached XP level 5. HP: 44/47 MP: 4/4
  2427 | D:4      | Noticed Sigmund
  2438 | D:4      | Killed Sigmund
  2439 | D:4      | Reached skill level 5 in Axes
  2439 | D:4      | Reached skill level 5 in Armour
  2439 | D:4      | Reached XP level 6. HP: 49/55 MP: 5/5
  2505 | D:4      | Found a glowing golden altar of the Shining One.
  2515 | D:4      | Found a basalt altar of Yredelemnul.
  2518 | D:4      | Reached skill level 5 in Fighting
  2533 | D:4      | Identified the +4 ring mail of Beugucav {Str+3}
  2582 | D:4      | Killed Pikel
  2583 | D:4      | Reached skill level 7 in Axes
  2583 | D:4      | Reached XP level 7. HP: 16/61 MP: 6/6
  2924 | D:4      | Noticed Blork the orc
  2929 | D:4      | Reached skill level 8 in Axes
  2929 | D:4      | Noticed Duvessa
  2931 | D:4      | Noticed Dowan
  2932 | D:4      | Killed Blork the orc
  2942 | D:4      | Killed Duvessa
  2943 | D:4      | Reached XP level 8. HP: 49/68 MP: 7/7
  2950 | D:4      | Killed Dowan
  3069 | D:4      | Noticed Grinder
  3070 | D:4      | Reached skill level 9 in Axes
  3076 | D:4      | Killed Grinder
  3490 | D:4      | Noticed an angel
  3528 | D:5      | Entered Level 5 of the Dungeon
  3707 | D:5      | Reached skill level 10 in Axes
  4161 | D:5      | Found a bloodstained altar of Trog.
  4418 | D:6      | Found Lastriu's Weapon Boutique.
  4424 | D:6      | Bought a +2 vorpal broad axe for 252 gold pieces
  4443 | D:6      | Reached skill level 11 in Axes
  4443 | D:6      | Reached XP level 9. HP: 74/74 MP: 8/8
  4448 | D:6      | Found a staircase to the Ecumenical Temple.
  4460 | Temple   | Entered the Ecumenical Temple
  4492 | Temple   | Became a worshipper of Warmaster Okawaru
  5222 | D:7      | Reached skill level 12 in Axes
  5222 | D:7      | Reached skill level 1 in Dodging
  5234 | D:7      | Reached * piety under Okawaru
  5692 | D:8      | Found a hazy altar of Hepliaklqana.
  5696 | D:8      | Found a white marble altar of Elyvilon.
  5696 | D:8      | Found a shimmering blue altar of Sif Muna.
  5696 | D:8      | Found a blossoming altar of Fedhas.
  5697 | D:8      | Found a hide-covered altar of Uskayaw.
  5767 | D:8      | Noticed a gargoyle
  5777 | D:8      | Killed a gargoyle
  5877 | D:8      | Noticed Gastronok
  5891 | D:8      | Killed Gastronok
  5891 | D:8      | Reached ** piety under Okawaru
  5892 | D:8      | Reached skill level 13 in Axes
  5892 | D:8      | Reached XP level 10. HP: 68/81 MP: 9/9
  5980 | D:8      | Found a staircase to the Lair.
  6300 | D:8      | Identified the +10 hand axe "Onwi" {elec, Int+2 Dex+4}
  6314 | D:8      | Noticed a two-headed ogre
  6321 | D:8      | Killed a two-headed ogre
  6622 | D:8      | Identified a scroll of acquirement
  6622 | D:8      | Acquired 1174 gold pieces
  6664 | D:9      | Reached skill level 14 in Axes
  6685 | D:9      | Noticed an eight-headed hydra
  6691 | D:9      | HP: 1/81 [ten-headed hydra (6)]
  6691 | D:9      | Slain by a ten-headed hydra

Illustrated notes

Levels and vault maps discovered:
D:1:      minmay_arrival_up_and_down, layout_basic, basic_ecumenical_altar
D:2:      layout_rooms, serial_shops, nicolae_diamond_shop, serial_glass,
          glass_columns_a, glass_columns_b, corexii_item_surrounded_by_moat,
          serial_bayou_crossing, uniq_robin
D:3:      layout_basic, mainiacjoe_overflow_alcove_4, minmay_misc_feat_tower
D:4:      layout_cave_pools, grunt_temple_overflow_holy_war, uniq_grinder,
          uniq_pikel, uniq_blork_the_orc, uniq_duvessa, uniq_sigmund
D:5:      layout_gridville, lemuel_round_altar, hangedman_abyss_or_decor_stabs,
          st_stairs_7
D:6:      layout_rooms, temple_fountains, serial_shops, shop_statue,
          st_stairs_12
D:7:      layout_loops_cross, corexii_checkpoint_b
D:8:      layout_basic, grunt_temple_overflow_open, lair_entry_dummy,
          serial_glass, glass_columns_a, glass_columns_b, glass_columns_c,
          glass_columns_a, uniq_gastronok
D:9:      layout_rooms, nicolae_ashenzari_panopticon
Temple:   pdpol_scorched_temple

Skill      XL: |  1  2  3  4  5  6  7  8  9 10 |
---------------+-------------------------------+-----
Axes           | 3 4 5 7 8 11 13 14 | 14.0
Fighting       | 4 5 |  5.0
Armour         | 4 5 6 7 |  7.5
Shields        | 4 6 8 9 |  9.0
Dodging        | 4 |  4.8

Action                   |  1- 3 |  4- 6 |  7- 9 | 10-12 || total
-------------------------+-------+-------+-------+-------++-------
Melee: War axe           |    47 |       |       |       ||    47
       Headbutt          |     7 |     3 |    25 |     4 ||    39
       Spear             |     4 |    61 |   207 |    26 ||   298
       Hand axe          |       |       |       |    18 ||    18
  Use: Scroll            |       |     3 |     9 |     2 ||    14
       Potion            |       |     1 |       |       ||     1
Armor: Scale mail        |    43 |    13 |       |       ||    56
       Ring mail         |       |     8 |    47 |    18 ||    73
Dodge: Dodged            |    46 |    17 |    45 |    12 ||   120
Block: Buckler           |    20 |     5 |    27 |    13 ||    65
